 Dungeon Crawl Stone Soup version 0.29.1-12-g30fa7ad0bf (webtiles) character file.

Game seed: 3266167582336996466

269 wormed the Chopper (level 6, 0/55 HPs)
             Began as a Hill Orc Fighter on Dec 24, 2022.
             Killed by nerve-wracking pain
             ... invoked by an orc priest
              (7 damage)
             ... on level 4 of the Dungeon.
             The game lasted 00:05:10 (2799 turns).

wormed the Chopper (Hill Orc Fighter)               Turns: 2799, Time: 00:05:10

Health: 0/55       AC:  9    Str: 21    XL:     6   Next: 22%
Magic:  6/6        EV:  9    Int:  8    God:
Gold:   145        SH:  4    Dex: 10    Spells: 5/5 levels left

rFire   . . .      SeeInvis .   a - +0 war axe
rCold   . . .      Faith    .   c - +0 buckler
rNeg    . . .      Spirit   .   b - +0 scale mail
rPois   .          Reflect  .   (no helmet)
rElec   .          Harm     .   r - +0 cloak
rCorr   .          Rampage  .   g - +0 pair of gloves
Will    .....                   (no boots)
Stlth   ..........              (no amulet)
HPRegen 0.18/turn               (no ring)
MPRegen 0.10/turn               (no ring)

@: no status effects
A: no striking features
a: Convert to Beogh


You were on level 4 of the Dungeon.
You visited 1 branch of the dungeon, and saw 5 of its levels.

You collected 145 gold pieces.

Inventory:

Hand Weapons
 a - a +0 war axe (weapon)
Missiles
 i - 11 poisoned darts (quivered)
Armour
 b - a +0 scale mail (worn)
 c - a +0 buckler (worn)
 g - a +0 pair of gloves (worn)
 r - a +0 cloak (worn)
Jewellery
 u - a ring of willpower
Scrolls
 h - 4 scrolls of identify {unknown}
 j - 2 scrolls of teleportation
 k - 2 scrolls of fog {unknown}
 l - a scroll of fear {unknown}
 m - 2 scrolls of noise {unknown}
 n - a scroll of vulnerability {unknown}
 p - a scroll of poison {unknown}
 s - a scroll of amnesia {unknown}
Potions
 d - 2 potions of might
 e - 3 potions of attraction {unknown}
 f - 3 potions of flight {unknown}
 o - a potion of heal wounds {unknown}
 q - a potion of curing {unknown}
 t - a potion of degeneration {unknown}


   Skills:
 + Level 4.8 Fighting
 * Level 5.7 Axes
 + Level 4.4 Armour
 + Level 4.4 Shields


You had 5 spell levels left.
You didn't know any spells.
Your spell library was empty.

Dungeon Overview and Level Annotations

Branches:
Dungeon (5/15)
 Temple: D:4-7

Altars:
Gozag

Shops:
D:1 *   D:2 [   D:5 [([


Message History

The adder is lightly wounded.
The adder bites you but does no damage.
The orc priest invokes the aid of Beogh against you.
Beogh smites you! You block the adder's attack.
You miss the adder.
The adder is lightly wounded.
The adder bites you but does no damage.
You miss the adder.
The adder is lightly wounded.
The adder completely misses you. The adder bites you but does no damage.
You slash the adder!
The adder is severely wounded.
The adder bites you but does no damage.
The orc priest invokes the aid of Beogh against you.
Beogh smites you!
* * * LOW HITPOINT WARNING * * *
You miss the adder.
The adder is severely wounded.
You block the adder's attack. The adder bites you but does no damage.
You barely miss the adder.
The adder is severely wounded.
The adder barely misses you. The adder bites you but does no damage.
You closely miss the adder.
The adder is severely wounded.
The adder bites you but does no damage.
You barely miss the adder.
The adder is severely wounded.
The adder bites you but does no damage. The adder bites you.
* * * LOW HITPOINT WARNING * * *
You barely miss the adder.
The adder is severely wounded.
You block the adder's attack.
You miss the adder.
The adder is severely wounded.
The adder bites you but does no damage. The adder misses you.
You slash the adder!
You kill the adder!
The orc priest invokes the aid of Beogh against you.
Pain shoots through your body!
You die...

# #. .... #.#.#
#..# .##.#.##
#...#
.......##...###
..(....>.......
...............
.##.#.#...#.###
##.#.###.#.#...#
..
.....o)@.#.....+
.
####.###.###...#
............###
###.###.###.#
#.# #.# ..# #.#
#### #.# #.# #.#


You could see an orc priest.

Vanquished Creatures
  A necrophage (D:5)
  2 orc priests (D:5)
  2 orc wizards
  4 adders
  4 dart slugs
  9 orcs
  7 bats
  5 endoplasms
  3 giant cockroaches
  A goblin (D:1)
  4 hobgoblins
  5 kobolds
  2 quokkas (D:2)
  5 ball pythons
  4 frilled lizards
  8 rats
66 creatures vanquished.

Vanquished Creatures (others)
  A ball python (D:1)
1 creature vanquished.

Grand Total: 67 creatures vanquished

Notes
Turn   | Place    | Note
-------+----------+-------------------------------------------
     0 | D:1      | wormed the Hill Orc Fighter began the quest for the Orb.
     0 | D:1      | Reached XP level 1. HP: 19/19 MP: 1/1
   102 | D:1      | Reached skill level 3 in Axes
   102 | D:1      | Reached XP level 2. HP: 27/27 MP: 2/2
   249 | D:1      | Found Yviacod's Assorted Antiques.
   529 | D:1      | Reached XP level 3. HP: 33/33 MP: 3/3
   825 | D:2      | Found Iferiuti's Armour Shoppe.
  1109 | D:2      | Reached skill level 4 in Axes
  1171 | D:2      | Reached XP level 4. HP: 38/39 MP: 4/4
  1749 | D:3      | You fall into a shaft and drop 2 floors!
  1749 | D:5      | Entered Level 5 of the Dungeon
  1749 | D:5      | Found an opulent altar of Gozag.
  1757 | D:5      | Noticed a necrophage
  1759 | D:5      | Found Mexkom's Antique Armour Boutique.
  1779 | D:5      | Killed a necrophage
  1780 | D:5      | Reached XP level 5. HP: 33/47 MP: 5/5
  1905 | D:5      | Found Imaffaac's Weapon Shop.
  1952 | D:5      | Reached skill level 5 in Axes
  2609 | D:5      | Found Kevigix's Antique Armour Shoppe.
  2641 | D:5      | Reached XP level 6. HP: 31/53 MP: 6/6
  2799 | D:4      | Killed from afar by an orc priest

Illustrated notes

Levels and vault maps discovered:
D:1:      dpeg_arrival_castle, layout_rooms, serial_shops, shop,
          corexii_hall_statues_u, lemuel_flame_loot_1
D:2:      layout_rooms, serial_shops, nicolae_shop_waterfront,
          minmay_misc_feat_rugged
D:3:      layout_loops_corners, grunt_ministairs_7
D:4:      wander_river, layout_basic, cheibrodos_sewer_entry_bend,
          uniq_crazy_yiuf_cottage, uniq_menkaure, uniq_pargi
D:5:      layout_basic, dancing_weapons_uskayaw, grunt_gozag_statues,
          serial_shops, nicolae_shop_overgrown_old_shop, shop_coins, shop

Skill      XL: |  1  2  3  4  5 |
---------------+----------------+-----
Axes           | 3 4 5 |  5.7
Fighting       | 4 |  4.8
Armour         | 4 |  4.4
Shields        | 4 |  4.4

Action                   |  1- 3 |  4- 6 || total
-------------------------+-------+-------++-------
Melee: War axe           |   109 |   104 ||   213
  Use: Scroll            |     1 |       ||     1
Armor: Scale mail        |    65 |    54 ||   119
Dodge: Dodged            |    64 |    32 ||    96
Block: Buckler           |    15 |    20 ||    35
